 Dungeon Crawl Stone Soup version 0.30-a0-939-gc8157cb160 (webtiles) character file.

Game seed: 14440408250290376407

1478 ThatPearl the Sneak (level 8, -2/45 HPs)
             Began as an Octopode Brigand on Mar 25, 2023.
             Was an Elder of Hepliaklqana.
             Slain by an orc warrior
             ... wielding a +0 long sword
              (16 damage)
             ... on level 6 of the Dungeon.
             The game lasted 00:14:35 (5604 turns).

ThatPearl the Sneak (Octopode Brigand)              Turns: 5604, Time: 00:14:36

Health: -2/45      AC:  1    Str: 10    XL:     8   Next: 79%
Magic:  24/24      EV: 12    Int: 15    God:    Hepliaklqana [****..]
Gold:   295        SH:  6    Dex: 20    Spells: 10/16 levels left

rFire   . . .      SeeInvis .    u - +2 short sword (venom)
rCold   + . .      Faith    .    h - +0 buckler
rNeg    . . .      Spirit   .    (helmet restricted)
rPois   .          Reflect  .    (no amulet)
rElec   .          Rampage  .    f - ring of magical power
rCorr   .                        q - +6 ring of dexterity
Will    .....                    s - ring of protection from cold
Stlth   ++++                     (no ring)
HPRegen 0.27/turn                (no ring)
MPRegen 0.19/turn                (no ring)
                                 (no ring)
                                 (no ring)

@: no status effects
A: reduced essence, almost no armour, amphibious, 8 rings, camouflage 1,
gelatinous body 1, (nimble swimmer 1), tentacles
a: Renounce Religion, Recall Ancestor, Ancestor Identity, Transference, Idealise


You were on level 6 of the Dungeon.
You worshipped Hepliaklqana.
Hepliaklqana was greatly pleased with you.
You visited 1 branch of the dungeon, and saw 7 of its levels.

You collected 315 gold pieces.
You spent 20 gold pieces at shops.

Inventory:

Hand Weapons
 a - a +2 dagger
 u - a +2 short sword of venom (weapon)
 F - a +0 war axe of electrocution
Missiles
 b - 5 poisoned darts (quivered)
 c - 3 curare-tipped darts
 l - 4 javelins
 v - 4 boomerangs
Armour
 h - a +0 buckler (worn)
Jewellery
 f - a ring of magical power (left tentacle)
 q - a +6 ring of dexterity (right tentacle)
 s - a ring of protection from cold (on tentacle)
Wands
 n - a wand of digging (2)
 x - a wand of iceblast (5)
 y - a wand of charming (5)
 B - a wand of polymorph (6)
 G - a wand of acid (10)
Scrolls
 e - 9 scrolls of identify
 g - a scroll of immolation
 i - a scroll of torment
 o - a scroll of magic mapping
 p - a scroll of fog
 t - a scroll of fear {unknown}
 A - a scroll of blinking {unknown}
 C - 2 scrolls of teleportation {unknown}
 E - a scroll of enchant armour {unknown}
Potions
 d - a potion of magic
 j - 2 potions of mutation
 k - 3 potions of curing
 m - a potion of resistance
 r - 4 potions of flight
 w - a potion of attraction
 z - a potion of ambrosia {unknown}
 D - 3 potions of heal wounds {unknown}


   Skills:
 - Level 2.0 Fighting
 - Level 2.0 Short Blades
 - Level 3.0 Throwing
 + Level 1.1 Dodging
 - Level 5.3 Stealth
 + Level 5.0 Shields
 + Level 4.9 Spellcasting
 + Level 5.0 Transmutations
 + Level 4.6 Invocations


You had 10 spell levels left.
You knew the following spells:

 Your Spells              Type           Power      Damage    Failure   Level
a - Beastly Appendage     Tmut           36%        N/A       2%          1
s - Spider Form           Tmut/Pois      11%        N/A       22%         3
w - Wereblood             Tmut           18%        N/A       4%          2

Your spell library contained the following spells:

 Spells                   Type           Power      Damage    Failure   Level
 Freeze                   Ice            12%        1d3       22%         1
 Frozen Ramparts          Ice            6%         1d1       54%         3
 Hailstorm                Conj/Ice       3%         3d3       54%         3


Dungeon Overview and Level Annotations

Branches:
Dungeon (7/15)
 Temple: D:4-7

Altars:
Ashenzari
Cheibriados
Dithmenos
Elyvilon
Fedhas
Gozag
Hepliaklqana
Kikubaaqudgha
Okawaru
Sif Muna
Trog
Yredelemnul
Zin

Shops:
D:1 [==*

Annotations:
D:5 3 runed translucent doors, arthad's ghost, amateur GrFi


Innate Abilities, Weirdness & Mutations

Your life essence is reduced to manifest your ancestor. (-10% HP)
You cannot wear most types of armour.
You are amphibious.
You can wear up to eight rings at the same time.
Your skin changes colour to match your surroundings (Stealth+).
Your rubbery body absorbs attacks. (AC +1, EV +1)
((You are camouflaged when in or above water. (Stealth+)))
You have tentacles for arms and can constrict up to eight enemies at once.


Message History

You're too confused to move!
You feel less confused. The orc warrior misses you.
The orc wizard hits you but does no damage.
You block the orc warrior's attack. Ælfthryth hits the orc with a +0 dagger of draining!
The orc dies!
The orc wizard barely misses you.
The orc wizard attacks as you move away!
The orc wizard barely misses you.
The orc priest hits Ælfthryth with a +0 falchion.
There is a stone staircase leading up here.
The orc wizard hits you with a +0 dagger.
The orc warrior barely misses you.
The orc closely misses Ælfthryth.
You climb upwards.
Reactivating autopickup.
There is a stone staircase leading down here.
You closely miss the orc warrior. Your grab misses the orc warrior.
Your squeeze misses the orc warrior. The orc warrior misses you.
You block the orc wizard's attack.
You hit the orc warrior but do no damage.
The orc warrior is poisoned.
You grab the orc warrior. You squeeze the orc warrior.
The orc warrior is lightly wounded.
You constrict the orc warrior, but do no damage.
The orc warrior hits you with a +0 long sword!
The orc wizard hits you with a +0 dagger.
You hit the orc wizard but do no damage.
You grab the orc wizard. You constrict the orc warrior.
You constrict the orc wizard, but do no damage.
You block the orc warrior's attack. The orc wizard casts a spell at you.
The magic dart hits you!
You hit the orc warrior but do no damage.
The orc warrior looks as sick as possible!
The orc warrior is moderately wounded.
You constrict the orc warrior, but do no damage.
You constrict the orc wizard.
The orc warrior hits you with a +0 long sword!
You die...

#.# #.#.# #.#
##.##################)## ###.####
.#.#..............##...###.......
.#.#.##############.....##.#.####
.#.#.#############.......#R#.###<
.#.#................._.....#.##..
.#.#...#.....#..##.......#.#.....
##.#..#.####>#.####.....#######..
......#.# #...o@o##...## ##.
##.##.#.######.###.##.## ###
#.##.#.#).............# #####..
##.........###.###.#.#.# #.....#
........#..# #.# #.#.#.## #.#####
##.##.###..# #.# #.#.#..# #.#
#.##.# #..# #.###.#.##.###.#
#.##.###..###..............#
#.##..............#.##.#####


You could see an orc warrior (extremely poisoned) and an orc wizard.

Vanquished Creatures
  An ice beast (D:5)
  2 ogres (D:6)
  A scorpion (D:6)
  A howler monkey (D:6)
  A hound (D:5)
  3 orc priests
  An iguana (D:5)
  Natasha (twice) (D:3)
  An orc wizard (D:7)
  A gnoll (D:5)
  5 adders
  A white imp (D:5)
  A worm (D:4)
  A dart slug (D:1)
  13 orcs
  4 ball pythons
  7 endoplasms
  5 giant cockroaches
  7 goblins
  5 hobgoblins
  A jackal (D:4)
  2 kobolds
  2 quokkas
  6 bats
  3 frilled lizards
  4 rats
81 creatures vanquished.

Vanquished Creatures (collateral kills)
  A black bear (D:5)
  2 ogres
  2 scorpions
  A hound (D:5)
  4 jellies
  An orc priest (D:5)
  A gnoll bouda (D:5)
  3 iguanas
  An orc wizard (D:7)
  Ijyb (D:4)
  An adder (D:3)
  An ufetubus (D:5)
  A dart slug (D:4)
  10 orcs
  3 bats (D:1)
  4 endoplasms
  A hobgoblin (D:1)
  A jackal (D:4)
  A quokka (D:2)
40 creatures vanquished.

Vanquished Creatures (others)
  An ancestor (D:1)
1 creature vanquished.

Grand Total: 122 creatures vanquished

Notes
Turn   | Place    | Note
-------+----------+-------------------------------------------
     0 | D:1      | ThatPearl the Octopode Brigand began the quest for the Orb.
     0 | D:1      | Reached XP level 1. HP: 14/14 MP: 1/1
    24 | D:1      | Found a faded altar of an unknown god.
    33 | D:1      | Prayed at the altar of an unknown god.
    33 | D:1      | Became a worshipper of Hepliaklqana the Forgotten
    33 | D:1      | Reached * piety under Hepliaklqana
    45 | D:1      | Reached XP level 2. HP: 12/17 MP: 2/2
    67 | D:1      | Found Wasoh's General Store.
   106 | D:1      | Bought a scroll of identify for 20 gold pieces
   236 | D:1      | Found Coawo Ydon's Jewellery Shoppe.
   238 | D:1      | Found Xuplah's Antique Armour Boutique.
   246 | D:1      | Learned a level 1 spell: Beastly Appendage
   399 | D:1      | Reached XP level 3. HP: 21/21 MP: 3/3
   492 | D:1      | Found Qibleqyv's Jewellery Shoppe.
   537 | D:1      | Reached skill level 1 in Transmutations
   704 | D:2      | Reached ** piety under Hepliaklqana
   707 | D:2      | Remembered your ancestor Ælfthryth as a hexer
   745 | D:2      | Reached skill level 1 in Spellcasting
   911 | D:2      | Found a shadowy altar of Dithmenos.
  1067 | D:2      | Learned a level 3 spell: Spider Form
  1127 | D:3      | Reached XP level 4. HP: 26/26 MP: 6/6
  1174 | D:3      | Noticed Natasha
  1180 | D:3      | Killed Natasha
  1181 | D:3      | Reached skill level 1 in Shields
  1282 | D:3      | Reached XP level 5. HP: 25/30 MP: 8/8
  1359 | D:3      | Noticed Natasha
  1364 | D:3      | Found a bloodstained altar of Trog.
  1373 | D:3      | Killed Natasha
  1990 | D:4      | Noticed Ijyb
  1996 | D:4      | Killed Ijyb
  2060 | D:4      | Reached XP level 6. HP: 16/35 MP: 9/9
  2167 | D:4      | Reached *** piety under Hepliaklqana
  2287 | D:4      | Found an iron altar of Okawaru.
  2920 | D:5      | Entered Level 5 of the Dungeon
  3011 | D:5      | Reached skill level 1 in Invocations
  3158 | D:5      | Learned a level 2 spell: Wereblood
  3224 | D:5      | Reached XP level 7. HP: 16/40 MP: 11/11
  3442 | D:5      | Found a runed translucent gate.
  3442 | D:5      | Found a runed translucent gate.
  3442 | D:5      | Found a runed translucent gate.
  3443 | D:5      | Noticed arthad's ghost (amateur GrFi)
  3528 | D:5      | Found a glowing silver altar of Zin.
  3822 | D:5      | Reached **** piety under Hepliaklqana
  4266 | D:6      | Reached XP level 8. HP: 45/45 MP: 14/14
  4292 | D:6      | Found a snail-covered altar of Cheibriados.
  4663 | D:6      | Found a white marble altar of Elyvilon.
  4665 | D:6      | Found an ancient bone altar of Kikubaaqudgha.
  4665 | D:6      | Found a broken altar of Ashenzari.
  4666 | D:6      | Found an opulent altar of Gozag.
  4666 | D:6      | Found a basalt altar of Yredelemnul.
  4666 | D:6      | Found a shimmering blue altar of Sif Muna.
  4932 | D:6      | Reached skill level 5 in Transmutations
  5379 | D:6      | Found a blossoming altar of Fedhas.
  5548 | D:7      | Reached skill level 5 in Shields
  5604 | D:6      | Slain by an orc warrior

Illustrated notes

Levels and vault maps discovered:
D:1:      amcnicky_arrival_gap_in_the_tavern_cellar, layout_rooms,
          serial_corexii_hall, corexii_hall_statues_x,
          chequers_hall_statues_corner_a, corexii_hall_statues_x,
          chequers_hall_statues_y, hellmonk_ecumenical_altar_blasted,
          serial_shops, shop, nicolae_shop_crystal, shop, shop_statue,
          palyth_stone_intersect, minivault_23
D:2:      layout_basic, basic_altar
D:3:      layout_loops_ring, mainiacjoe_overflow_boulevard,
          minmay_splitting_lines, uniq_natasha
D:4:      nicolae_BIG_FREAKIN_CUBE, layout_layer_cave,
          mainiacjoe_overflow_concentric_impassable, uniq_ijyb
D:5:      layout_loops_ring, mainiacjoe_overflow_surrounded_room,
          gammafunk_ghost_split, minmay_increasing_density
D:6:      layout_loops_ring, grunt_temple_overflow_open, fedhas_altar_4,
          lemuel_round_altar, kennysheep_diamond, kennysheep_generic_room_7
D:7:      layout_rooms, minmay_temple_entry_mini_moons, minmay_diced_spiral

Skill      XL: |  1  2  3  4  5  6  7  8 |
---------------+-------------------------+-----
Throwing       | 3 |  3.0
Transmutations | 1 2 3 4 5 |  5.0
Spellcasting   | 1 2 3 4 |  4.9
Shields        | 1 2 3 4 5 |  5.0
Invocations    | 1 3 4 |  4.6
Fighting       | |  2.0
Short Blades   | |  2.0
Dodging        | |  1.1
Stealth        | |  5.3

Action                     |  1- 3 |  4- 6 |  7- 9 || total
---------------------------+-------+-------+-------++-------
  Melee: Dagger            |    51 |    82 |    18 ||   151
         Constrict         |    11 |    21 |    22 ||    54
         Tentacles         |     6 |    13 |    16 ||    35
         Punch             |     1 |       |       ||     1
         Kick              |       |     2 |     1 ||     3
         Short sword       |       |       |    49 ||    49
  Throw: Dart              |       |       |     8 ||     8
   Cast: Beastly Appendage |       |     1 |       ||     1
         Wereblood         |       |     1 |       ||     1
 Invoke: Ancestor Identity |     1 |       |       ||     1
         Ancestor Life: He |     1 |       |       ||     1
    Use: Scroll            |     1 |     3 |     5 ||     9
         Potion            |       |       |     1 ||     1
   Stab: Sleeping          |    13 |     7 |     3 ||    23
         Distracted        |     2 |       |     1 ||     3
         Confused          |     1 |     1 |     1 ||     3
 Armour: Skin              |     2 |     4 |     3 ||     9
  Dodge: Dodged            |    23 |    36 |    38 ||    97
  Block: Buckler           |       |     8 |    23 ||    31

Table legend: (Time is in decaauts)
 A = Elapsed time spent in this place.
 B = Non-inter-level travel time spent in this place.
 C = Inter-level travel time spent in this place.
 D = Time resting spent in this place.
 E = Time spent auto-exploring this place.
 F = Levels seen in this place.
 G = Mean time per level.
                   A        B        C        D        E       F      G
               +--------+--------+--------+--------+--------+-----+--------+
         Total |   5586 |   5430 |    156 |    402 |   4094 |   7 |  798.0 |
       Dungeon |   5586 |   5430 |    156 |    402 |   4094 |   7 |  798.0 |
               +--------+--------+--------+--------+--------+-----+--------+

Top non-repeatable levels by time:
     D:5: 1338 daAuts
     D:6: 1209 daAuts
     D:4: 930 daAuts
     D:3: 898 daAuts
     D:1: 683 daAuts
     D:2: 398 daAuts
     D:7: 127 daAuts
